 Dungeon Crawl Stone Soup version 0.26-a0-707-g31817bcca1 (webtiles) character file.

Game seed: 14783177942971821308

11967 ICC the Slicer (level 11, -8/52 HPs)
             Began as a Vine Stalker Fighter on Oct 26, 2020.
             Was an Elder of Wu Jian.
             Mangled by a cane toad (12 damage)
             ... on level 1 of the Lair of Beasts.
             The game lasted 00:32:06 (7904 turns).

ICC the Slicer (Vine Stalker Fighter)               Turns: 7904, Time: 00:32:06

Health: -8/52      AC: 15    Str: 18    XL:     11   Next: 86%
Magic:  0/18       EV:  4    Int: 11    God:    Wu Jian [****..]
Gold:   820        SH: 17    Dex: 15    Spells: 18/18 levels left

rFire    . . .     SeeInvis +   w - +0 rapier
rCold    . . .     Faith    .   c - +0 kite shield
rNeg     + . .     Spirit   +   J - +0 plate armour
rPois    .         Reflect  +   A - +1 helmet
rElec    .         Harm     .   C - scarf {repulsion}
rCorr    .         Rampage  .   D - +0 pair of gloves
MR       ++++.                  v - +0 pair of boots
Stlth    ..........             m - amulet of reflection
HPRegen  0.57/turn              g - ring of protection from magic
MPRegen  0.16/turn              I - ring of Doepopn {rN+ MR++ SInv Stlth-}

@: stab, repel missiles
A: fangs 3, regeneration 1, magic shield, antimagic bite, no potion heal 3, rot
immunity
a: Wall Jump, Serpent's Lash, Renounce Religion


You were on level 1 of the Lair of Beasts.
You worshipped Wu Jian.
Wu Jian was greatly pleased with you.
You visited 3 branches of the dungeon, and saw 12 of its levels.

You collected 820 gold pieces.

Inventory:

Hand Weapons
 a - a +0 dagger of venom
 w - a +0 rapier (weapon)
 y - the +8 spear of Impatience {vorpal, rElec rPois rC++ Dex-2}
   (You took it off a centaur on level 9 of the Dungeon)

   It inflicts extra damage upon your enemies.
   It affects your dexterity (-2).
   It greatly protects you from cold.
   It insulates you from electricity.
   It protects you from poison.
Armour
 c - a +0 kite shield (worn)
 j - a +1 cloak
 v - a +0 pair of boots (worn)
 A - a +1 helmet (worn)
 C - a scarf of repulsion (worn)
 D - a +0 pair of gloves (worn)
 J - a +0 plate armour (worn)
 L - a +0 cloak of preservation
Jewellery
 g - a ring of protection from magic (left hand)
 m - an amulet of reflection (around neck)
 q - a +6 ring of strength
 F - an uncursed ring of fire
 I - the ring of Doepopn (right hand) {rN+ MR++ SInv Stlth-}
   (You found it on level 7 of the Dungeon)

   [ring of attention]

   It protects you from negative energy.
   It affects your resistance to hostile enchantments.
   It lets you see invisible.
   It makes you less stealthy.
Wands
 x - a wand of polymorph (1)
 N - a wand of flame (15)
Scrolls
 b - 11 scrolls of identify
 e - 12 scrolls of teleportation
 k - 5 scrolls of enchant armour
 l - 5 scrolls of enchant weapon {unknown}
 n - 6 scrolls of amnesia
 p - a scroll of blinking
 r - 4 scrolls of magic mapping
 t - 5 scrolls of remove curse
 B - 3 scrolls of fear {unknown}
 E - 2 scrolls of fog {unknown}
 H - 2 scrolls of random uselessness {unknown}
Potions
 d - a potion of might
 f - 4 potions of stabbing
 h - 2 potions of cancellation {unknown}
 i - 3 potions of brilliance {unknown}
 o - 3 potions of flight
 s - a potion of ambrosia {unknown}
 u - 2 potions of lignification
 z - 7 potions of curing
 G - a potion of berserk rage {unknown}
 K - 2 potions of invisibility {unknown}
 M - a potion of mutation {unknown}


   Skills:
 - Level 3.0 Fighting
 + Level 13.2 Short Blades
 - Level 3.0 Armour
 + Level 9.7 Shields
 - Level 4.0 Spellcasting


You had 18 spell levels left.
You didn't know any spells.
Your spell library contained the following spells:

 Spells                   Type           Power        Failure   Level
 Gell's Gravitas          Tloc           #.........   100%        3
 Portal Projectile        Hex/Tloc       #.....       100%        3
 Dispersal                Tloc           #.........   100%        6
 Disjunction              Tloc           #.........   100%        8


Dungeon Overview and Level Annotations

Branches:
Dungeon (10/15)            Temple (1/1) D:7            Lair (1/6) D:8
    Orc: D:9-12

Altars:
Ashenzari
Cheibriados
Dithmenos
Elyvilon
Fedhas
Gozag
Hepliaklqana
Makhleb
Nemelex Xobeh
Okawaru
Qazlal
Ru
Sif Muna
Trog
Uskayaw
Vehumet
Wu Jian
Xom
Yredelemnul
Zin

Shops:
D:7 [   D:8 [   D:10 :


Innate Abilities, Weirdness & Mutations

You have razor-sharp teeth.
Your natural rate of healing is unusually fast.
When hurt, damage is shared between your health and your magic reserves.
Your bite disrupts and absorbs the magic of your enemies.
Potions cannot restore your health.
You are immune to rotting.


Message History

The cane toad is heavily wounded.
You feel sick.
You hit the cane toad. You bite the cane toad. You drain its power.
You feel invigorated.
The cane toad is severely wounded.
You feel sick. The cane toad stings you!!
* * * LOW HITPOINT WARNING * * *
You are lethally poisoned!
The cane toad poisons you!
You hit the cane toad but do no damage.
The cane toad is severely wounded.
* * * LOW HITPOINT WARNING * * *
You feel sick. You block the cane toad's attack.
It was a potion of stabbing.
You feel ready to backstab.
* * * LOW HITPOINT WARNING * * *
You feel sick. You block the cane toad's attack.
It was a potion of curing.
Your system rejects the healing.
You feel better. The cane toad stings you!
You die...

#
###.##########.##
.................
..?.......@F......
#....#.#.##.#.#...
. #....###..####
.##....##......#
.......##......#
##....##......#
#.....#...†...#
.##.............#
........##......#


You could see a cane toad.

Vanquished Creatures
  Harold (D:7)
  A two-headed ogre (D:8)
  An ugly thing (D:10)
  A gargoyle (D:10)
  2 trolls
  4 blink frogs (Lair:1)
  A wraith (D:10)
  17 yaks
  A water moccasin (Lair:1)
  2 phantoms
  5 orc warriors
  3 black bears
  2 sky beasts
  2 ice beasts
  A necrophage (D:6)
  3 wolves (D:8)
  6 centaurs
  4 ogres
  7 bullfrogs
  A gnoll sergeant (D:9)
  3 scorpions
  A water moccasin skeleton (D:7)
  22 killer bees
  5 wights (D:6)
  5 electric eels (D:8)
  A howler monkey (D:9)
  A bullfrog zombie (D:7)
  A quasit (D:6)
  2 bullfrog skeletons
  10 hounds
  6 jellies
  2 gnoll shamans (D:7)
  6 orc wizards
  3 iguanas
  Jessica (D:3)
  5 worker ants
  A killer bee zombie (D:8)
  A howler monkey zombie (D:6)
  18 gnolls
  11 adders
  4 shadow imps
  5 white imps
  An ufetubus (D:8)
  An ooze (D:4)
  An adder zombie (D:8)
  3 adder skeletons
  2 worms
  A dart slug (D:4)
  10 leopard geckos
  27 orcs
  2 ball pythons
  16 giant cockroaches
  10 goblins
  8 hobgoblins
  13 jackals
  7 kobolds
  7 quokkas
  7 bats
  5 frilled lizards
  A jackal skeleton (D:4)
  A quokka skeleton (D:6)
  A quokka zombie (D:6)
  7 rats
310 creatures vanquished.

Vanquished Creatures (others)
  An orc (D:7)
  6 plants
7 creatures vanquished.

Grand Total: 317 creatures vanquished

Notes
Turn   | Place    | Note
-------+----------+-------------------------------------------
     0 | D:1      | ICC the Vine Stalker Fighter began the quest for the Orb.
     0 | D:1      | Reached XP level 1. HP: 11/11 MP: 2/2
    79 | D:1      | Reached skill level 1 in Spellcasting
   108 | D:1      | Reached XP level 2. HP: 16/16 MP: 3/5
   510 | D:2      | Reached XP level 3. HP: 18/19 MP: 7/7
   654 | D:2      | Gained mutation: Your natural rate of healing is unusually
                  | fast. [Vine Stalker growth]
   654 | D:2      | Reached XP level 4. HP: 16/23 MP: 7/10
   821 | D:2      | Found a shimmering blue altar of Sif Muna.
  1319 | D:3      | Reached skill level 2 in Short Blades
  1319 | D:3      | Reached XP level 5. HP: 24/28 MP: 9/12
  1338 | D:3      | Noticed Jessica
  1343 | D:3      | Killed Jessica
  1395 | D:3      | Found an opulent altar of Gozag.
  1613 | D:3      | Reached XP level 6. HP: 32/32 MP: 13/13
  1952 | D:4      | Reached skill level 3 in Short Blades
  1984 | D:4      | Found a white marble altar of Elyvilon.
  2148 | D:4      | Reached XP level 7. HP: 30/36 MP: 11/14
  2539 | D:5      | Entered Level 5 of the Dungeon
  2581 | D:5      | Reached skill level 4 in Short Blades
  3097 | D:6      | Reached skill level 5 in Shields
  3389 | D:6      | Found a broken altar of Ashenzari.
  3400 | D:6      | Reached skill level 5 in Short Blades
  3400 | D:6      | Gained mutation: You have razor-sharp teeth. [Vine Stalker
                  | growth]
  3400 | D:6      | Reached XP level 8. HP: 40/40 MP: 13/15
  3509 | D:6      | Reached skill level 6 in Short Blades
  3713 | D:6      | Found a basalt altar of Yredelemnul.
  3713 | D:6      | Found a sacrificial altar of Ru.
  3723 | D:6      | Found a stormy altar of Qazlal.
  3725 | D:6      | Found a blossoming altar of Fedhas.
  3726 | D:6      | Found a faded altar of an unknown god.
  3746 | D:6      | Found a hazy altar of Hepliaklqana.
  3756 | D:6      | Reached skill level 7 in Short Blades
  3982 | D:7      | Reached skill level 8 in Short Blades
  3997 | D:7      | Found a staircase to the Ecumenical Temple.
  4005 | Temple   | Entered the Ecumenical Temple
  4009 | Temple   | Became a worshipper of the Wu Jian Council
  4040 | D:7      | Found a sparkling altar of Nemelex Xobeh.
  4056 | D:7      | Noticed Harold
  4091 | D:7      | Killed Harold
  4091 | D:7      | Reached skill level 9 in Short Blades
  4091 | D:7      | Reached XP level 9. HP: 37/44 MP: 16/16
  4115 | D:7      | Found a bloodstained altar of Trog.
  4254 | D:7      | Reached skill level 10 in Short Blades
  4385 | D:7      | Got a bound lead ring
  4387 | D:7      | Identified the ring of Doepopn {rN+ MR++ SInv Stlth-} (You
                  | found it on level 7 of the Dungeon)
  4444 | D:7      | Found Ussoneh's Antique Armour Shop.
  4856 | D:7      | Reached * piety under Wu Jian
  5177 | D:8      | Reached XP level 10. HP: 49/49 MP: 17/17
  5200 | D:8      | Noticed a two-headed ogre
  5240 | D:8      | Reached skill level 11 in Short Blades
  5261 | D:8      | Killed a two-headed ogre
  5460 | D:8      | Found a staircase to the Lair.
  5534 | D:8      | Reached ** piety under Wu Jian
  5594 | D:8      | Reached skill level 12 in Short Blades
  5640 | D:8      | Reached XP level 11. HP: 52/52 MP: 18/18
  5849 | D:8      | Found Gecuh's Antique Armour Shop.
  6467 | D:9      | Reached *** piety under Wu Jian
  6501 | D:9      | Identified the +8 spear of Impatience {vorpal, rElec rPois
                  | rC++ Dex-2}
  6919 | D:10     | Entered Level 10 of the Dungeon
  7053 | D:10     | Noticed a white ugly thing
  7379 | D:10     | Found Huemnamui's Book Boutique.
  7409 | D:10     | Reached skill level 13 in Short Blades
  7576 | D:10     | Killed a white ugly thing
  7661 | D:10     | Reached **** piety under Wu Jian
  7829 | Lair:1   | Entered Level 1 of the Lair of Beasts
  7904 | Lair:1   | Mangled by a cane toad

Illustrated notes

Levels and vault maps discovered:
D:1:      scummos_arrival_forest, layout_basic
D:2:      layout_loops_ring, lemuel_round_altar
D:3:      minmay_roachtagon, layout_basic, grunt_gozag_breadcrumbs, uniq_jessica
D:4:      layout_gridville, elyvilon_altar_5, dk_vineyard_1
D:5:      layout_basic
D:6:      layout_basic, chequers_temple_overflow_minitemple,
          lemuel_crystal_altar, cheibrodos_ashenzari_chains
D:7:      layout_layer_cave, bloody_trog, nicolae_overflow_crystal_walls,
          minmay_temple_entry_statues_pillars, serial_shops, shop_fountains,
          mrwooster_statue_mirror, uniq_harold
D:8:      argonaut_augean_stables, layout_basic, erik_lair_island, serial_shops,
          nicolae_shop_overgrown_old_shop
D:9:      layout_basic
D:10:     layout_basic, serial_shops, shop
Temple:   nicolae_temple_x_marks_the_god
Lair:1:   layout_regular_city, lemuel_fruit_tree, uniq_urug

Skill      XL: |  1  2  3  4  5  6  7  8  9 10 11 |
---------------+----------------------------------+-----
Spellcasting   | 1 2 3 4 |  4.0
Short Blades   | 2 3 5 9 10 12 13 | 13.2
Fighting       | 3 |  3.0
Shields        | 3 4 5 7 9 |  9.7
Armour         | 3 |  3.0

Action                   |  1- 3 |  4- 6 |  7- 9 | 10-12 || total
-------------------------+-------+-------+-------+-------++-------
Melee: Rapier            |    67 |   227 |   371 |   358 ||  1023
       Bite              |    13 |    71 |   140 |   259 ||   483
       Dagger            |       |       |       |   396 ||   396
Invok: Lunge             |       |       |     7 |    35 ||    42
       Whirlwind         |       |       |       |    40 ||    40
       Serpent's Lash    |       |       |       |     1 ||     1
 Abil: Wall Jump         |       |       |       |     1 ||     1
Evoke: Wand              |       |     2 |     1 |    16 ||    19
  Use: Scroll            |       |    11 |     1 |     1 ||    13
       Potion            |       |       |       |     2 ||     2
Armor: Chain mail        |    38 |   129 |   124 |       ||   291
       Plate armour      |       |       |    17 |   137 ||   154
Dodge: Dodged            |    29 |    57 |    53 |    30 ||   169
Block: Kite shield       |       |   141 |   284 |   363 ||   788
       Other             |       |     8 |       |       ||     8
       Reflection        |       |     2 |     8 |     6 ||    16

Table legend: (Time is in decaauts)
 A = Elapsed time spent in this place.
 B = Non-inter-level travel time spent in this place.
 C = Inter-level travel time spent in this place.
 D = Time resting spent in this place.
 E = Time spent auto-exploring this place.
 F = Levels seen in this place.
 G = Mean time per level.
                   A        B        C        D        E       F      G
               +--------+--------+--------+--------+--------+-----+--------+
         Total |   7666 |   7159 |    507 |      5 |   5012 |  12 |  638.8 |
       Dungeon |   7592 |   7090 |    502 |      5 |   4977 |  10 |  759.2 |
        Temple |      8 |      4 |      4 |      0 |      0 |   1 |    8.0 |
          Lair |     64 |     64 |      0 |      0 |     35 |   1 |   64.0 |
               +--------+--------+--------+--------+--------+-----+--------+

Top non-repeatable levels by time:
     D:7: 1208 daAuts
     D:8: 968 daAuts
     D:9: 787 daAuts
     D:4: 731 daAuts
     D:5: 722 daAuts
    D:10: 721 daAuts
     D:2: 692 daAuts
     D:3: 678 daAuts
     D:6: 589 daAuts
     D:1: 494 daAuts
  Lair:1: 64 daAuts
  Temple: 8 daAuts
